 Dungeon Crawl Stone Soup version 0.29.1-12-g30fa7ad0bf (webtiles) character file.

Game seed: 10415135326897580606

520 112233 the Thaumaturge (level 7, 0/38 HPs)
             Began as a Deep Elf Fire Elementalist on Dec 25, 2022.
             Was an Initiate of Sif Muna.
             Slain by a gnoll sergeant
             ... wielding a +0 spear
              (4 damage)
             ... on level 5 of the Dungeon.
             The game lasted 00:03:43 (4965 turns).

112233 the Thaumaturge (Deep Elf Fire Elementalist) Turns: 4965, Time: 00:03:44

Health: 0/38       AC:  4    Str:  5    XL:     7   Next: 1%
Magic:  15/21      EV:  7    Int: 22    God:    Sif Muna [......]
Gold:   204        SH:  0    Dex: 15    Spells: 14/24 levels left

rFire   . . .      SeeInvis .   (no weapon)
rCold   . . .      Faith    .   (no shield)
rNeg    . . .      Spirit   .   a - +0 robe
rPois   .          Reflect  .   j - +0 helmet
rElec   .          Harm     .   (no cloak)
rCorr   .          Rampage  .   h - +0 pair of gloves
Will    .....      Rage     3%  (no boots)
Stlth   ++........              (no amulet)
HPRegen 0.12/turn               (no ring)
MPRegen 0.17/turn               (no ring)

@: brilliant, attractive, held, invisible
A: berserk 1
a: Renounce Religion


You were on level 5 of the Dungeon.
You worshipped Sif Muna.
Sif Muna was noncommittal.
You visited 2 branches of the dungeon, and saw 6 of its levels.

You collected 204 gold pieces.

Inventory:

Hand Weapons
 y - a +0 short sword of draining
Armour
 a - a +0 robe (worn)
 e - an orb of wrath
 h - a +0 pair of gloves (worn)
 j - a +0 helmet (worn)
Jewellery
 k - a ring of protection from fire
Wands
 v - a wand of mindburst (14)
 w - a wand of polymorph (9)
 z - a wand of flame (43)
Scrolls
 c - 6 scrolls of identify {unknown}
 i - a scroll of silence {unknown}
 p - a scroll of amnesia {unknown}
 q - 2 scrolls of vulnerability {unknown}
 s - a scroll of noise {unknown}
Potions
 b - a potion of magic
 d - a potion of mutation
 g - 2 potions of invisibility
 l - 2 potions of degeneration {unknown}
 m - a potion of curing {unknown}
 n - a potion of might {unknown}
 o - a potion of flight {unknown}
 r - 3 potions of brilliance
 t - a potion of haste {unknown}
 u - a potion of heal wounds {unknown}
 x - a potion of berserk rage {unknown}


   Skills:
 + Level 1.0 Fighting
 + Level 3.3 Dodging
 - Level 2.4 Stealth
 * Level 9.0 Spellcasting
 + Level 2.1 Conjurations
 + Level 3.7 Fire Magic


You had 14 spell levels left.
You knew the following spells:

 Your Spells              Type           Power      Damage    Failure   Level
a - Foxfire               Conj/Fire      100%       2x1d9     1%          1
b - Scorch                Fire           78%        2d9       2%          2
c - Inner Flame           Hex/Fire       27%        N/A       10%         3
d - Flame Wave            Conj/Fire      34%        2d10      21%         4

Your spell library contained the following spells:

 Spells                   Type           Power      Damage    Failure   Level
 Magic Dart               Conj           100%       1d8       2%          1
 Conjure Flame            Conj/Fire      34%        6-21      6%          3
 Call Imp                 Summ           14%        N/A       10%         2
 Mephitic Cloud           Conj/Pois/Air  19%        N/A       16%         3
 Ozocubu's Armour         Ice            14%        N/A       21%         3
 Ozocubu's Refrigeration  Ice            7%         4d9       100%        7


Dungeon Overview and Level Annotations

Branches:
Dungeon (5/15)             Temple (1/1) D:4

Altars:
Dithmenos
Elyvilon
Hepliaklqana
Kikubaaqudgha
Makhleb
Nemelex Xobeh
Okawaru
Qazlal
Sif Muna
Trog
Wu Jian
Xom
Zin

Annotations:
D:3 2 transporters


Innate Abilities, Weirdness & Mutations

You sometimes lose your temper in combat.


Message History

The gnoll hits you from afar with a +0 spear.
Aiming: Mindburst
Press: ? - help, Shift-Dir - straight line, f - gnoll
Aim: a gnoll, wielding a +0 flail (chance to affect: 72%)
The gnoll's mind is blasted!
You blow up the gnoll!
Sif Muna accepts your kill. The gnoll barely misses you.
You struggle against the net.
The gnoll hits you from afar with a +0 spear.
Aiming: Mindburst
Press: ? - help, Shift-Dir - straight line, f - gnoll
Aim: a gnoll, wielding a +0 spear (severely wounded, more vulnerable to fire, chance to affect: 72%)
The gnoll struggles to resist.
The gnoll is no longer more vulnerable to fire.
The gnoll barely misses you.
Casting: Scorch (safe; 2% risk of failure)
Confirm with . or Enter, or press ? or * to list all spells.
Flames lash the gnoll.
You kill the gnoll!
Sif Muna accepts your kill.
Your Spellcasting skill increases to level 9!
You have reached level 7!
It was a potion of mutation.
You feel extremely strange.
You feel a little pissed off.
The gnoll sergeant hits you from afar with a +0 spear.
Unknown command.
It was a potion of invisibility.
You fade into invisibility!
The gnoll sergeant hits you from afar with a +0 spear.
Unknown command.
It was a potion of attraction.
You feel attractive to monsters.
The gnoll sergeant hits you from afar with a +0 spear!
* * * LOW HITPOINT WARNING * * *
The gnoll sergeant is attracted toward you.
It was a potion of brilliance.
You feel clever all of a sudden.
The gnoll sergeant hits you with a +0 spear.
You die...

###. .....
###......
#@g).....
###ยง.....
..... )...
... .. #


You could see a gnoll sergeant (unable to see you).

Vanquished Creatures
  A black bear (D:3)
  A necrophage (D:4)
  A scorpion (D:4)
  An orc priest (D:4)
  3 hounds (D:4)
  Ijyb (D:4)
  5 gnolls
  2 adders (D:4)
  2 worms
  5 dart slugs
  9 orcs
  9 ball pythons
  5 bats
  4 endoplasms
  3 giant cockroaches
  A goblin (D:3)
  13 hobgoblins
  4 jackals (D:1)
  6 quokkas
  4 frilled lizards
  5 kobolds
  10 rats
95 creatures vanquished.

Vanquished Creatures (others)
  288 foxfires
288 creatures vanquished.

Grand Total: 383 creatures vanquished

Notes
Turn   | Place    | Note
-------+----------+-------------------------------------------
     0 | D:1      | 112233 the Deep Elf Fire Elementalist began the quest for
                  | the Orb.
     0 | D:1      | Reached XP level 1. HP: 10/10 MP: 6/6
   257 | D:1      | Reached XP level 2. HP: 15/15 MP: 6/8
   310 | D:1      | Learned a level 2 spell: Scorch
   372 | D:1      | Reached skill level 4 in Spellcasting
   790 | D:1      | Found a faded altar of an unknown god.
   898 | D:1      | Reached XP level 3. HP: 19/19 MP: 8/11
  1164 | D:1      | Reached skill level 5 in Spellcasting
  2291 | D:3      | Found a glowing silver altar of Zin.
  2348 | D:3      | Noticed a black bear
  2357 | D:3      | Killed a black bear
  2358 | D:3      | Reached skill level 7 in Spellcasting
  2358 | D:3      | Reached XP level 4. HP: 18/24 MP: 6/15
  2358 | D:3      | Reached XP level 5. HP: 21/28 MP: 6/16
  2921 | D:3      | Learned a level 3 spell: Inner Flame
  2929 | D:3      | Found a transporter.
  3030 | D:3      | Found a transporter.
  3087 | D:3      | Found a bloodstained altar of Trog.
  3550 | D:4      | Reached skill level 8 in Spellcasting
  3808 | D:4      | Reached XP level 6. HP: 32/32 MP: 15/19
  4363 | D:4      | Noticed Ijyb
  4374 | D:4      | Killed Ijyb
  4562 | D:4      | Learned a level 4 spell: Flame Wave
  4617 | D:4      | Found a staircase to the Ecumenical Temple.
  4626 | Temple   | Entered the Ecumenical Temple
  4674 | Temple   | Became a worshipper of Sif Muna the Loreminder
  4831 | D:5      | Entered Level 5 of the Dungeon
  4839 | D:5      | Reached skill level 1 in Fighting
  4962 | D:5      | Reached skill level 9 in Spellcasting
  4962 | D:5      | Reached XP level 7. HP: 14/38 MP: 14/21
  4962 | D:5      | Gained mutation: You sometimes lose your temper in combat.
                  | [potion of mutation]
  4965 | D:5      | Slain by a gnoll sergeant

Illustrated notes

Levels and vault maps discovered:
D:1:      scummos_arrival_simple_crosswalls, layout_loops_corners,
          shapermc_ecumenical_altar_acropolis, bh_walls_and_bars
D:2:      layout_loops_cross
D:3:      gammafunk_wand_slinger, layout_loops_corners,
          mainiacjoe_overflow_concentric_impassable, trog_three_pillars_becter
D:4:      layout_gridville, temple_hall, corexii_shack,
          kennysheep_generic_room_13, uniq_ijyb
D:5:      layout_cave_pools, lemuel_mausoleum_altar_yredelemnul,
          lemuel_tele_altar, serial_shops, nicolae_shop_overgrown_old_shop,
          nicolae_take_the_stairs, nicolae_shop_crystal, minmay_misc_feat_rows
Temple:   hellmonk_temple_of_storms

Skill      XL: |  1  2  3  4  5  6 |
---------------+-------------------+-----
Spellcasting   | 4 7 8 9 |  9.0
Dodging        | 3 |  3.3
Conjurations   | 2 |  2.1
Fighting       | 1 |  1.0
Stealth        | |  2.4
Fire Magic     | |  3.7

Action                   |  1- 3 |  4- 6 |  7- 9 || total
-------------------------+-------+-------+-------++-------
Melee: Unarmed           |     1 |       |       ||     1
 Cast: Foxfire           |    94 |    75 |       ||   169
       Scorch            |     7 |    19 |       ||    26
Evoke: Wand              |       |     3 |       ||     3
  Use: Potion            |       |       |     4 ||     4
Armor: Robe              |     2 |    10 |       ||    12
Dodge: Dodged            |     8 |    20 |       ||    28
